AoeStats
← bthi68153

Arena

510321316Analyzed
4v4 RM · 2d ago on Sep 30, 2026· 37m 27s· 8 players
Game mode
Random Map
Map size
Large (8 player)
Population
200
Speed
Normal
Resources
Standard
Victory
Conquest
Starting age
Dark Age
Ending age
Imperial Age
RankedLock teamsTeams togetherTeam positionsShared explorationLock speedFull tech treeHidden civsTurbo modeCheats
Victory
Defeat
🇨🇳 Tatars · China
1306
+13
🇨🇳 Persians · China
1231
+16
🇻🇳 Teutons · Vietnam
1210
+17
🇻🇳 Koreans · Vietnam
1084
+23
🇪🇸 Turks · Spain
1271
-19
🇨🇳 Bohemians · China
1237
-17
🇨🇳 Chinese · China
1218
-17
🇨🇭 Goths · Switzerland
1193
-16
暗恋安联的一切
10:17 Feudal Age
13:56 Castle Age
11:56 Double-Bit Axe
11:58 Horse Collar
14:59 Bow Saw
14:51 Heavy Plow
20:30 Wheelbarrow
22:26 Gold Mining
22:45 Stone Mining
24:46 Hand Cart
28:09 Imperial Age
25:43 Loom
26:57 Gold Shaft Mining
26:58 Stone Shaft Mining
26:06 Pikeman
26:47 Squires
26:51 Fletching
27:02 Padded Archer Armor
28:10 Bodkin Arrow
29:12 Ballistics
29:18 Conscription
28:53 Halberdier
29:41 Thumb Ring
29:40 Bracer
31:45 Two-Man Saw
30:20 Elite Chu Ko Nu
32:09 Chemistry
33:02 Masonry
33:10 Leather Archer Armor
35:45 Heavy Rocket Cart
Cantipedro
11:41 Feudal Age
15:42 Castle Age
14:04 Loom
22:54 Imperial Age
21:05 Double-Bit Axe
32:46 Conscription
Salmanassar V
10:10 Feudal Age
15:35 Castle Age
14:50 Double-Bit Axe
14:47 Horse Collar
21:17 Heavy Plow
25:41 Gold Mining
26:29 Wheelbarrow
26:30 Scale Mail Armor
26:41 Forging
26:38 Squires
31:35 Imperial Age
29:20 Hand Cart
28:51 Loom
29:23 Chain Mail Armor
29:44 Iron Casting
30:12 Iron Casting
30:10 Bow Saw
30:07 Anarchy
30:14 Pikeman
32:39 Conscription
33:21 Blast Furnace
33:36 Perfusion
33:33 Halberdier
12014665
10:58 Feudal Age
10:41 Loom
15:43 Castle Age
14:03 Horse Collar
14:16 Double-Bit Axe
jinzhi
11:10 Feudal Age
12:24 Horse Collar
12:30 Double-Bit Axe
15:09 Castle Age
14:58 Wheelbarrow
16:32 Bow Saw
21:51 Hand Cart
22:07 Town Watch
22:21 Gold Mining
22:24 Stone Mining
25:33 Heavy Plow
29:34 Imperial Age
27:36 Scale Barding Armor
27:41 Forging
27:53 Loom
28:20 Forging
29:49 Chain Barding Armor
30:04 Iron Casting
29:57 Bloodlines
29:48 Husbandry
29:08 Light Cavalry
30:02 Guilds
30:18 Conscription
29:19 Elite War Elephant
30:52 Devotion
33:04 Two-Man Saw
32:38 Crop Rotation
31:32 Hussar
33:25 Plate Barding Armor
33:51 Blast Furnace
34:03 Blast Furnace
青柑普洱
10:18 Feudal Age
13:43 Castle Age
11:56 Horse Collar
12:27 Double-Bit Axe
13:22 Fletching
13:40 Gold Mining
14:55 Wheelbarrow
14:24 Bodkin Arrow
19:50 Wheelbarrow
23:08 Bow Saw
22:59 Heavy Plow
24:53 Padded Archer Armor
24:59 Husbandry
27:03 Ballistics
27:07 Bloodlines
28:46 Hand Cart
29:25 Stone Mining
30:10 Gold Shaft Mining
36:01 Imperial Age
34:46 Treadmill Crane
37:12 Bracer
38:17 Chemistry
lequochuypy96
11:40 Feudal Age
12:29 Double-Bit Axe
12:49 Horse Collar
13:08 Gold Mining
15:29 Castle Age
14:45 Wheelbarrow
16:33 Bow Saw
16:26 Heavy Plow
17:48 Man-at-Arms
18:51 Scale Mail Armor
19:11 Long Swordsman
20:15 Gambesons
23:00 Scale Mail Armor
22:40 Pikeman
25:26 Loom
26:30 Squires
26:43 Forging
26:51 Chain Mail Armor
29:44 Hand Cart
32:04 Iron Casting
35:09 Imperial Age
33:53 Iron Casting
33:09 Fletching
34:06 Scale Barding Armor
35:13 Two-Handed Swordsman
36:56 Blast Furnace
36:27 Plate Mail Armor
36:10 Arson
36:01 Champion
36:56 Bloodlines
37:42 Crop Rotation
bthi68153
2:39 Loom
3:15 Loom
3:32 Loom
11:05 Feudal Age
16:12 Castle Age
14:11 Double-Bit Axe
14:33 Horse Collar
15:08 Gold Mining
28:19 Elite Skirmisher
30:30 Crossbowman
31:25 Heavy Plow
35:45 Imperial Age
33:49 Fletching
34:46 Bodkin Arrow
36:09 Scale Mail Armor
36:11 Pikeman
37:16 Light Cavalry
Connection lost

Rejoining the realm…

Still unreachable

The connection could not be restored.

Session expired

The server has moved on; the page needs a fresh start.